 Dungeon Crawl Stone Soup version 0.29-a0-521-g59ce8b2d47 (console) character file.

Game seed: 12994004871269958665

12513 Banquo the Thaumaturge (level 12, -3/89 HPs)
             Began as a Djinni Conjurer on May 31, 2022.
             Was a Believer of Ashenzari.
             Shot with an arrow by a centaur warrior (11 damage)
             ... on level 11 of the Dungeon on June 1, 2022.
             The game lasted 01:01:54 (10926 turns).

Banquo the Thaumaturge (Djinni Conjurer)           Turns: 10926, Time: 01:01:54

Health: -3/89      AC:  5    Str:  6    XL:     12   Next: 21%
Gold:   1072       EV: 12    Int: 25    God:    Ashenzari [**....] SH:  3 Dex: 12

rFire   + + +      SeeInvis +   w - staff of fire
rCold   + . .      Faith    .   i - +0 buckler
rNeg    . . .      Spirit   .   d - +0 leather armour {rC+ rF+}
rPois   ∞          Reflect  .   h - +0 helmet of Apeoromancy {Range, Cun} (curse)
rElec   .          Harm     .   (no cloak)
rCorr   .          Rampage  .   (no gloves)
Will    +....                   (boots unavailable)
Stlth   ++........              B - amulet of Ashenzari's Moon {Regen+, Self, Cun} (curse)
HPRegen 1.04/turn               g - ring of Ashenzari's Fetters {rPois, Fort, Melee} (curse)
MPRegen 0.00/turn               C - ring of protection from cold

@: swift, flying, very quick
A: sickness immunity, fire resistance 2, cold vulnerability 1, float, innate
caster, HP casting, extra vitality 1
a: Renounce Religion, Shatter the Chains


You were on level 11 of the Dungeon.
You worshipped Ashenzari.
Ashenzari was pleased with you.
You visited 2 branches of the dungeon, and saw 12 of its levels.
You also visited: Ice Cave.

You collected 1135 gold pieces.
You spent 63 gold pieces at shops.

Inventory:

Hand Weapons
 a - a +2 dagger of protection
 s - a +2 vorpal hand axe
 t - a +2 flail of holy wrath
 v - a +2 hand axe of flaming
 y - a +1 flail of venom
 E - a +2 whip of flaming
 J - a +5 flail of protection
 K - a +2 hunting sling of freezing
Missiles
 j - 3 javelins
 G - 5 boomerangs
Armour
 d - a +0 leather armour of resistance (worn)
 f - a +1 crystal plate armour of cold resistance
 h - the cursed +0 helmet of Apeoromancy (worn) {Range, Cun}
   (You bought it in a shop on level 7 of the Dungeon)

   It has a curse which improves the following skills: Ranged Combat: Slings,
   Bows, Crossbows and Throwing.
   Cunning:   Dodging and Stealth.
 i - a +0 buckler (worn)
 I - +0 steam dragon scales
 L - +0 acid dragon scales
Magical Staves
 e - a staff of poison
 w - a staff of fire (weapon)
Jewellery
 g - the cursed ring of Ashenzari's Fetters (left hand) {rPois, Fort, Melee}
   (You found it on level 3 of the Dungeon)

   [ring of poison resistance]

   rPois:     It protects you from poison.
   It has a curse which improves the following skills: Fortitude: Armour and
   Shields.
   Melee Combat: Short Blades, Long Blades, Axes, Maces & Flails, Polearms,
   Staves and Unarmed Combat.
 u - a ring of protection from fire
 B - the cursed amulet of Ashenzari's Moon (around neck) {Regen+, Self, Cun}
   (You found it on level 6 of the Dungeon)

   [amulet of regeneration]

   Regen:     It increases your rate of health regeneration.
   It has a curse which improves the following skills: Introspection: Fighting
   and Spellcasting.
   Cunning:   Dodging and Stealth.
 C - a ring of protection from cold (right hand)
 D - a ring of fire
 F - a ring of ice
Wands
 A - a wand of paralysis (5)
 O - a wand of iceblast (5)
Scrolls
 b - a scroll of enchant armour
 m - a scroll of summoning
 n - 2 scrolls of magic mapping
 p - 5 scrolls of immolation
 q - 2 scrolls of fear
 r - 3 scrolls of blinking
 H - 5 scrolls of teleportation
 M - a scroll of poison
 N - a scroll of brand weapon
 P - a scroll of fog
 R - a scroll of enchant weapon
 S - 3 scrolls of noise
Potions
 c - 6 potions of might
 k - 4 potions of heal wounds
 l - a potion of curing
 o - 2 potions of haste
 x - 2 potions of cancellation
 z - 3 potions of ambrosia
 Q - 5 potions of lignification


   Skills:
 * Level 7.9(9.2) Fighting
 - Level 7.1(8.4) Armour
 - Level 2.7(4.3) Dodging
 - Level 1.5(2.9) Stealth
 + Level 12.3(13.5) Spellcasting


You had 11 spell levels left.
You knew the following spells:

 Your Spells              Type           Power      Damage    Failure   Level
a - Magic Dart            Conj           100%       1d8       1%          1
b - Summon Small Mammal   Summ           100%       N/A       1%          1
c - Scorch                Fire           100%       2d10      1%          2
d - Dazzling Flash        Conj/Hex       100%       N/A       1%          3
e - Ensorcelled Hibernat  Hex/Ice        100%       N/A       1%          2
m - Iskenderun's Mystic   Conj/Tloc      71%        2d14      1%          4
p - Fulminant Prism       Conj/Hex       35%        3d18      1%          4
r - Searing Ray           Conj           100%       2d8       1%          2
s - Swiftness             Air            71%        N/A       1%          3
v - Borgnjor's Vile Clut  Necr/Erth      35%        N/A       1%          5
Your spell library was empty.

Dungeon Overview and Level Annotations

Branches:
Dungeon (11/15)            Temple (1/1) D:4           IceCv (visited)
   Lair: D:8-11         Orc: D:9-12

Altars:
Ashenzari
Cheibriados
Dithmenos
Elyvilon
Fedhas
Gozag
Hepliaklqana
Kikubaaqudgha
Makhleb
Nemelex Xobeh
Okawaru
Qazlal
Ru
Sif Muna
Trog
Uskayaw
Vehumet
Wu Jian
Xom
Yredelemnul
Zin
The Shining One

Shops:
D:5 (   D:7 [   D:8 [

Annotations:
D:4 Dowan
D:10 1 runed translucent door, emergency's ghost, journeyman TrGl


Innate Abilities, Weirdness & Mutations

You are immune to sickness and miasma.
You are immune to poison.
Your flesh is very heat resistant. (rF++)
You are vulnerable to cold. (rC-)
You float through the air rather than walking.
You learn spells naturally, not from books.
Your magical power is your life essence.
You have superior vitality. (+4 MHP)


Message History

The centaur warrior shouts!
Zombie hands grab the centaur warrior.
The zombie hands constrict the centaur warrior!
The centaur warrior struggles to escape constriction.
Casting: Scorch (safe; 1% risk of failure)
Press: ? - help, Q - select action, (/) - cycle Dir - look around, f - activate You feel a surge of power!
Nothing appears to happen.
The zombie hands constrict the centaur warrior!
The centaur warrior wields a +0 shortbow.
The centaur warrior shoots an arrow.
The arrow hits you!!
The centaur warrior shoots an arrow.
The arrow hits you!
The zombie hands lose their grip on something.
Casting: Scorch (safe; 1% risk of failure)
Confirm with . or Enter, or press ? or * to list all spells.
Aiming: Borgnjor's Vile Clutch (dangerous; 1% risk of failure)
Press: ? - help, Shift-Dir - straight line, f - centaur warrior
Aim: a centaur warrior, wielding a +0 shortbow (moderately wounded, 100% to hit)
Zombie hands grab the centaur warrior.
The zombie hands constrict the centaur warrior!
The centaur warrior shoots an arrow.
The arrow hits you!!
The centaur warrior shoots an arrow.
The arrow closely misses you.
The zombie hands lose their grip on something.
The centaur warrior shoots an arrow.
The arrow hits you!
* * * LOW HITPOINT WARNING * * *
Unknown command.
Casting: Borgnjor's Vile Clutch (dangerous; 1% risk of failure)
Confirm with . or Enter, or press ? or * to list all spells.
Okay, then.
Unknown command.
Unknown command.
Casting: Borgnjor's Vile Clutch (dangerous; 1% risk of failure)
Confirm with . or Enter, or press ? or * to list all spells.
You feel quick.
* * * LOW HITPOINT WARNING * * *
The centaur warrior shoots an arrow.
The arrow barely misses you.
The centaur warrior shoots an arrow.
The arrow hits you!
* * * LOW HITPOINT WARNING * * *
There is a stone staircase leading up here.
The centaur warrior shoots an arrow.
The arrow hits you!
You die...

#.##.# #.# #.# #### #.##.#
#.# #.# #...###.##.#
#.#######.#
##,###.##.##.#####>........#
#.##............)..#########
#.#............#...#
#..#.#..##....#[#..#
#.....c......#...#.#
##.....###.@..#.#..# #....##
#.....#..^..# #.#<##
#)##.....##.# #.#.#
#.##.....# .#
#.#.#####.####.### #
#..c.<......c .# * *
###..####.###*## #..# #.# *
#..#** ,


You could see a centaur warrior.

Vanquished Creatures
  A white draconian (IceCv)
  2 hydras
  2 two-headed ogres
  A centaur warrior (D:11)
  Pikel (D:6)
  An orc knight (D:11)
  2 manticores
  2 ice statues (IceCv)
  4 rime drakes (IceCv)
  A meliai (shapeshifter) (D:11)
  A shadow (D:9)
  5 yaks (D:10)
  5 steam dragons
  Edmund (D:4)
  An acid dragon (D:9)
  A water moccasin (D:7)
  Duvessa (D:4)
  3 orc warriors
  2 ice beasts
  2 black bears (D:11)
  A boggart (D:11)
  2 centaurs
  4 lemures (D:6)
  Blork the orc (D:6)
  2 kobold brigands
  2 bullfrogs
  3 scorpions
  4 necrophages
  9 killer bees
  2 lindwurm simulacra (IceCv)
  4 howler monkeys
  2 hounds
  8 komodo dragon simulacra (IceCv)
  4 jellies
  4 orc priests
  An iguana (D:7)
  8 orc wizards
  7 acid dragon simulacra (IceCv)
  7 gnolls
  7 adders
  2 shadow imps
  2 white imps (D:6)
  4 steam dragon simulacra (IceCv)
  3 worms
  4 dart slugs
  23 orcs
  3 endoplasms
  2 giant cockroaches
  6 goblins
  5 hobgoblins
  4 jackals
  2 quokkas
  4 ball pythons
  7 bats
  5 frilled lizards
  7 kobolds
  6 rats
210 creatures vanquished.

Vanquished Creatures (others)
  67 fulminant prisms
  11 fungi (D:11)
  7 plants (D:11)
85 creatures vanquished.

Grand Total: 295 creatures vanquished

Notes
Turn   | Place    | Note
-------+----------+-------------------------------------------
     0 | D:1      | Banquo the Djinni Conjurer began the quest for the Orb.
     0 | D:1      | Reached XP level 1. HP: 15/15 MP: 0/0
   152 | D:1      | Found a faded altar of an unknown god.
   343 | D:1      | Reached XP level 2. HP: 10/22 MP: 0/0
  1305 | D:2      | Reached XP level 3. HP: 22/26 MP: 0/0
  1305 | D:2      | Learned a level 1 spell: Summon Small Mammal
  1632 | D:2      | Reached skill level 1 in Fighting
  1671 | D:2      | You are sucked into a shaft and drop 2 floors!
  1680 | D:4      | Noticed Dowan
  1859 | D:3      | Reached skill level 4 in Spellcasting
  1981 | D:2      | Reached XP level 4. HP: 29/32 MP: 0/0
  2932 | D:3      | Reached XP level 5. HP: 35/37 MP: 0/0
  2932 | D:3      | Learned a level 2 spell: Scorch
  3152 | D:3      | Found an opulent altar of Gozag.
  3626 | D:4      | Noticed Duvessa
  3626 | D:4      | Found a staircase to the Ecumenical Temple.
  3855 | D:4      | Noticed Edmund
  3863 | D:4      | Killed Edmund
  3864 | D:4      | Reached skill level 5 in Spellcasting
  3864 | D:4      | Reached XP level 6. HP: 30/45 MP: 0/0
  4418 | D:4      | Reached XP level 7. HP: 21/49 MP: 0/0
  4418 | D:4      | Learned a level 2 spell: Ensorcelled Hibernation
  4642 | D:4      | Killed Duvessa
  4643 | D:4      | Reached skill level 6 in Spellcasting
  4735 | Temple   | Entered the Ecumenical Temple
  5339 | Temple   | Became a worshipper of Ashenzari the Shackled
  5514 | D:5      | Entered Level 5 of the Dungeon
  6149 | D:5      | Reached XP level 8. HP: 50/56 MP: 0/0
  6228 | D:5      | Reached skill level 1 in Armour
  6293 | D:5      | Found Udoann's Weapon Boutique.
  6682 | D:6      | Noticed Blork the orc
  6701 | D:6      | Killed Blork the orc
  6899 | D:6      | Noticed Pikel
  6942 | D:6      | Killed Pikel
  6943 | D:6      | Reached XP level 9. HP: 56/61 MP: 0/0
  6943 | D:6      | Learned a level 3 spell: Swiftness
  7207 | D:7      | Reached skill level 7 in Spellcasting
  7494 | D:7      | Found Nezxetro's Armour Boutique.
  7502 | D:7      | Bought a +0 helmet for 63 gold pieces
  7507 | D:7      | Reached * piety under Ashenzari
  7615 | D:7      | Reached ** piety under Ashenzari
  7826 | D:7      | Identified the Tome of the Grue (You found it on level 7 of
                  | the Dungeon)
  7968 | D:7      | Identified the Tome of the Grue (You found it on level 7 of
                  | the Dungeon)
  8086 | D:8      | Reached skill level 8 in Spellcasting
  8184 | D:8      | Reached XP level 10. HP: 54/69 MP: 0/0
  8275 | D:8      | Reached *** piety under Ashenzari
  8291 | D:8      | Found Ruatysioni's Antique Armour Boutique.
  8319 | D:8      | Noticed a two-headed ogre
  8328 | D:8      | Killed a two-headed ogre
  8329 | D:8      | Reached skill level 5 in Fighting
  8329 | D:8      | Reached skill level 9 in Spellcasting
  8487 | D:9      | Noticed a manticore
  9224 | D:9      | Killed a manticore
  9293 | D:9      | Upgraded the game from 0.29-a0-520-gc852659d43 to
                  | 0.29-a0-521-g59ce8b2d47
  9299 | D:10     | Entered Level 10 of the Dungeon
  9378 | D:10     | Found a runed translucent door.
  9378 | D:10     | Noticed emergency's ghost (journeyman TrGl)
  9378 | D:10     | Noticed a deep elf archer
  9401 | D:10     | Reached skill level 10 in Spellcasting
  9404 | D:10     | Noticed a six-headed hydra
  9410 | D:10     | Reached XP level 11. HP: 79/81 MP: 0/0
  9410 | D:10     | Learned a level 5 spell: Borgnjor's Vile Clutch
  9421 | D:10     | Killed a six-headed hydra
  9799 | D:10     | Noticed a two-headed ogre
  9804 | D:10     | Killed a two-headed ogre
 10084 | D:11     | Noticed an orc knight
 10084 | D:11     | Noticed a seven-headed hydra
 10095 | D:11     | Killed a seven-headed hydra
 10096 | D:11     | Reached skill level 11 in Spellcasting
 10098 | D:11     | Killed an orc knight
 10099 | D:11     | Noticed a centaur warrior
 10107 | D:11     | Killed a centaur warrior
 10210 | D:11     | Found a frozen archway.
 10221 | IceCv    | Entered an ice cave
 10437 | IceCv    | Noticed a white draconian
 10455 | IceCv    | Reached skill level 12 in Spellcasting
 10455 | IceCv    | Reached XP level 12. HP: 37/89 MP: 0/0
 10562 | IceCv    | Killed a white draconian
 10893 | D:11     | Noticed a centaur warrior
 10926 | D:11     | Shot with an arrow by a centaur warrior

Illustrated notes

Levels and vault maps discovered:
D:1:      minmay_arrival_stair_chambers, layout_basic,
          shapermc_ecumenical_altar_venn, dreamdust_wishing_well
D:2:      layout_rooms, kennysheep_generic_room_7
D:3:      layout_rooms, nicolae_gozag_cash_rules_everything_around_me
D:4:      layout_layer_cave, minmay_temple_entry_statues_pillars, uniq_duvessa,
          uniq_edmund
D:5:      layout_rooms, serial_shops, shop
D:6:      layout_cave_pools, uniq_pikel, uniq_blork_the_orc
D:7:      layout_basic, serial_shops, shop
D:8:      layout_gridville, serial_shops, nicolae_shop_behind_doors
D:9:      layout_loops_cross, nicolae_elevator_lobby_plus
D:10:     layout_loops_cross, ebering_ghost_inner_flame
D:11:     minmay_bloctagon_deflated, layout_loops_ring,
          grunt_lair_entry_orc_guard_hut, minmay_orc_entry_guard_dogs,
          portal_ice_cave_entry_pillars_2
Temple:   mainiacjoe_temple_starburst

Skill      XL: |  1  2  3  4  5  6  7  8  9 10 11 |
---------------+----------------------------------+-----
Fighting       | 1 2 3 4 6 7 |  7.9
Spellcasting   | 4 5 6 8 10 12 | 12.3
Armour         | 6 7 |  7.1
Dodging        | |  2.7
Stealth        | |  1.5

Action                   |  1- 3 |  4- 6 |  7- 9 | 10-12 || total
-------------------------+-------+-------+-------+-------++-------
 Cast: Magic Dart        |    59 |    81 |    91 |    13 ||   244
       Searing Ray       |       |     8 |     4 |     2 ||    14
       Scorch            |       |     7 |    65 |    23 ||    95
       Fulminant Prism   |       |     1 |    18 |    48 ||    67
       Iskenderun's Myst |       |       |     5 |       ||     5
       Borgnjor's Vile C |       |       |       |    45 ||    45
       Swiftness         |       |       |       |     1 ||     1
Invok: Curse Item        |       |       |     3 |     1 ||     4
       Shatter the Chain |       |       |       |     1 ||     1
  Use: Scroll            |       |     9 |     4 |       ||    13
Armor: Robe              |       |     2 |       |       ||     2
       Ring mail         |       |       |     5 |     5 ||    10
Dodge: Dodged            |     1 |     8 |     8 |    13 ||    30
Block: Buckler           |       |       |       |     1 ||     1

Table legend: (Time is in decaauts)
 A = Elapsed time spent in this place.
 B = Non-inter-level travel time spent in this place.
 C = Inter-level travel time spent in this place.
 D = Time resting spent in this place.
 E = Time spent auto-exploring this place.
 F = Levels seen in this place.
 G = Mean time per level.
                   A        B        C        D        E       F      G
               +--------+--------+--------+--------+--------+-----+--------+
         Total |  10936 |  10069 |    867 |   1600 |   5721 |  13 |  841.2 |
       Dungeon |   9649 |   8876 |    773 |   1388 |   5170 |  11 |  877.2 |
        Temple |    656 |    562 |     94 |      0 |    551 |   1 |  656.0 |
      Ice Cave |    629 |    629 |      0 |    212 |      0 |   1 |  629.0 |
               +--------+--------+--------+--------+--------+-----+--------+

Top non-repeatable levels by time:
     D:4: 1543 daAuts
     D:1: 1337 daAuts
     D:3: 1189 daAuts
     D:2: 1188 daAuts
     D:7: 756 daAuts
     D:5: 732 daAuts
    D:10: 722 daAuts
     D:9: 693 daAuts
  Temple: 656 daAuts
     D:8: 645 daAuts
   IceCv: 629 daAuts
     D:6: 574 daAuts
    D:11: 268 daAuts
